[Event "Late-Titled-Tuesday-Blitz-April-16-2024"]
[Site "Chess.com"]
[Date "2024.04.16"]
[Round "5"]
[White "MyDream003"]
[Black "Bykov_Egor"]
[Result "0-1"]
[WhiteElo "2778"]
[BlackElo "2611"]
[TimeControl "180+1"]
[EndTime "14:54:43 PDT"]
[Termination "Bykov_Egor won on time"]

1. e4 e5 2. Nf3 Nc6 3. Bb5 a6 4. Ba4 Nf6 5. O-O Be7 6. Re1 b5 7. Bb3 d6 8. c3 O-O 9. h3 Bb7 10. d4 exd4 11. cxd4 Nd7 12. Nc3 Na5 13. Bc2 Bf6 14.
Ne2 Re8 15. Ng3 g6 16. Bh6 c5 17. b3 Rc8 18. Rc1 cxd4 19. Nxd4 Nc6 20. Nf3 Bb2 21.
Rb1 Bc3 22. Re3 Nb4 23. Bd3 Ne5 24. Be2 Nxa2 25. Ng5 f6 26. Nf3 Nf7 27. Bf4 g5 28.
Bxg5 fxg5 29. b4 Be5 30. Nxe5 dxe5 31. Qb3 Nc1 32. Rxc1 Rxc1+ 33. Kh2 Bc8 34. Rd3 Qf6 35. Bh5 Be6 36. Qb2 Rc7 37. Rf3 Qh6 38. Qa1 Qg7 39.
Qxa6 Kh8 40. Qxb5 Rec8 41. Qb6 Bc4 42. b5 Qg8 43. Qf6+ Qg7 44. Qb6 Nh6 45. Qa5 g4 46.
Re3 gxh3 47. gxh3 Ra7 48. Qd2 Bxb5 49. Rb3 Rd7 50. Qe3 Bc4 51. Rc3 Rd4 52. Qc1 Rf8 53. Qe3 Rf4 54. Rc2 Qf6 55. Kg1 Nf7 56. Bg4 Ng5 57.
Kg2 Nxe4 58. Nxe4 Rdxe4 59. Qc5 Rd4 60. Qc8+ Bg8 61. Qc7 Rd6 62. Qc8 e4 63. Ra2 Rd8 64. Qc7 Bxa2 65. Qc5 Bg8 66. Qe3 Rf8 0-1

[Event "Late-Titled-Tuesday-Blitz-April-16-2024"]
[Site "Chess.com"]
[Date "2024.04.16"]
[Round "5"]
[White "CrushingKings"]
[Black "prochn"]
[Result "0-1"]
[WhiteElo "2582"]
[BlackElo "2444"]
[TimeControl "180+1"]
[EndTime "14:54:48 PDT"]
[Termination "prochn won by resignation"]

1. Nf3 d5 2. g3 c6 3. Bg2 Nf6 4. O-O Bf5 5. d3 e6 6. Nh4 Bg6 7. Nxg6 hxg6 8. c4 Nbd7 9. cxd5 exd5 10. e4 dxe4 11. dxe4 Be7 12. Nc3 Qa5 13. h3 O-O 14. Qc2 Rfe8 15. a3 Rad8 16. b4 Qc7 17. Nd5 Nxd5 18. exd5 c5 19. Be3 b6 20. Rfe1 Bd6 21.
Rac1 Rc8 22. Qa4 Nf6 23. bxc5 bxc5 24. Qc6 Qd8 25. Qa6 Qd7 26. Rb1 Re5 27. Rb7 Rc7 28. Rxc7 Qxc7 29. Qc6 Qe7 30. Rb1 Ne4 31. Bf4 Nc3 32.
Bxe5 Qxe5 33. Rf1 Ne2+ 34. Kh1 Nxg3+ 35. fxg3 Qxg3 36. Qe8+ Kh7 37. Kg1 c4 38. Qe4 Qh2+ 39. Kf2 Qg3+ 40. Ke2 Qxa3 41. Rf3 Qb2+ 42. Kf1 c3 43. Re3 c2 44. Re1 c1=Q 45. Rxc1 Qxc1+ 46. Ke2 Qb2+ 47. Kf3 Qc3+ 48. Ke2 Qb2+ 49. Kf3 Qa3+ 50. Ke2 a5 51. Qh4+ Kg8 52. Qd8+ Bf8 53. Bf3 Qe7+ 54. Qxe7 Bxe7 55. Kd3 a4 56. Kc4 a3 57. Kb3 Bd6 58. Bg4 Kf8 59. Bc8 Ke7 60. Bb7 Kf6 61. Bc6 Ke5 62. Be8 Kf6 63. Ka2 g5 64. Kb3 Ke7 65. Bc6 Bc5 66. Ka2 f5 67. Bb5 Kd6 68. Bc4 Ke5 69. Kb1 Bd6 70. Kc2 Kd4 71. Bb3 Ke3 72.
Kc3 f4 73. Kc4 f3 0-1

[Event "Late-Titled-Tuesday-Blitz-April-16-2024"]
[Site "Chess.com"]
[Date "2024.04.16"]
[Round "5"]
[White "diokletian"]
[Black "alexrustemov"]
[Result "0-1"]
[WhiteElo "2668"]
[BlackElo "2858"]
[TimeControl "180+1"]
[EndTime "14:54:50 PDT"]
[Termination "alexrustemov won on time"]

1. d4 d5 2. c4 dxc4 3. e3 Nf6 4. Bxc4 e6 5. Nf3 c5 6. O-O a6 7. Bd3 Nbd7 8. Nc3 b6 9. Qe2 Bb7 10. Rd1 Qb8 11. b3 Bd6 12. Bb2 cxd4 13. exd4 Bxf3 14. Qxf3 Bxh2+ 15. Kf1 Bd6 16. d5 e5 17. Qh3 h6 18.
Ne4 Nxe4 19. Bxe4 Nf6 20. Bf5 O-O 21. Rac1 Rd8 22. Rc6 Qb7 23. Qf3 Rab8 24. a4 Qe7 25. Re1 Re8 26. Qg3 b5 27. Rxa6 bxa4 28. Rxa4 e4 29. Qh4 Be5 30. Bxe5 Qxe5 31. Bxe4 Qc3 32. Qg3 Qxg3 33. fxg3 Rxb3 34. Bf3 Rbb8 35. Rxe8+ Rxe8 36. Rd4 Kf8 37. d6 Rd8 38. Bc6 Ne8 39. Bxe8 Kxe8 40. Re4+ Kf8 41. Rd4 f6 42. Kf2 Kf7 43. Kf3 Ke6 44.
Kf4 Rxd6 45. Re4+ Kf7 46. Ra4 Rd2 47. Kf3 h5 48. g4 h4 49. Ra5 g5 50. Ra7+ Kg6 51.
Ra8 Rd3+ 52. Kf2 Rg3 53. Ra4 Rb3 54. Rc4 Kf7 55. Kg1 Ke6 56. Kh2 Rd3 57. Ra4 Ke5 58.
Ra5+ Rd5 59. Ra6 Rd4 60. Kh3 Rd3+ 61. Kh2 Rg3 62. Ra5+ Ke6 63. Ra6+ Kf7 64. Ra7+ Kg6 65. Ra4 Rd3 66. Rb4 Rd1 67. Ra4 Rf1 68. Rb4 Rf4 69.
Rxf4 gxf4 70. Kg1 Kg5 71. Kf2 Kxg4 0-1

[Event "Late-Titled-Tuesday-Blitz-April-16-2024"]
[Site "Chess.com"]
[Date "2024.04.16"]
[Round "5"]
[White "Glidzhian_Gor"]
[Black "Rainbow2014"]
[Result "0-1"]
[WhiteElo "2579"]
[BlackElo "2451"]
[TimeControl "180+1"]
[EndTime "14:54:50 PDT"]
[Termination "Rainbow2014 won by checkmate"]

1. e4 e5 2. Nf3 Nc6 3. Bc4 Bc5 4.
c3 Nf6 5. d4 exd4 6. cxd4 Bb4+ 7. Nc3 Nxe4 8. O-O Bxc3 9. d5 Bf6 10. Re1 Ne7 11. Rxe4 O-O 12. d6 cxd6 13. Bg5 Nf5 14. Bxf6 Qxf6 15. Rf4 d5 16. Bxd5 d6 17. g4 Qh6 18.
Rxf5 Bxf5 19. gxf5 Qh5 20. Qd3 Rae8 21. Kh1 Qh6 22.
Rg1 Rc8 23. Ng5 Rc7 24. f6 g6 25. Qe4 b6 26. b4 a5 27. a3 Qh5 28. Rg3 Qd1+ 29.
Kg2 Qc2 30. Qxc2 Rxc2 31. Re3 Rd2 32. Bxf7+ Rxf7 33. Re8+ Rf8 34. f7+ Kg7 35. Re7 axb4 36. axb4 d5 37. Rb7 Re2 38. Rxb6 Rxf7 39. Nxf7 Kxf7 40.
Rd6 Rd2 41. b5 Ke7 42. Ra6 d4 43. Kf3 Rb2 44. Rb6 h5 45. h4 Kf7 46. Ke4 Rxf2 47.
Rd6 Rh2 48. Ke5 Rxh4 49. b6 Rh1 50. Rd7+ Ke8 51. Rh7 Rb1 52. b7 Kd8 53. Kd6 Rb6+ 54. Kc5 Rb1 55. Kd6 Rb6+ 56. Kc5 Rb1 57. Kc6 h4 58.
Rh8+ Ke7 59. b8=Q Rxb8 60. Rxb8 g5 61. Rg8 Kf6 62. Kd5 Kf5 63. Kxd4 Kf4 64. Kd3 Kf3 65. Kd2 h3 66. Rf8+ Kg2 67. Ke2 h2 68. Rg8 h1=Q 69. Rxg5+ Kh2 70. Rh5+ Kg1 71. Rg5+ Kh2 72. Kf2 Qd1 73. Re5 Qd2+ 74. Kf3 Qd1+ 75. Re2+ Kh3 76. Ke3 Kg4 77. Rd2 Qe1+ 78. Kd3 Kf4 79. Re2 Qf1 80. Kd2 Qa1 81. Rf2+ Ke4 82. Re2+ Kd4 83. Re1 Qa2+ 84. Kc1 Kd3 85. Rd1+ Kc3 86.
Rd2 Qxd2+ 87. Kb1 Qb2# 0-1

[Event "Late-Titled-Tuesday-Blitz-April-16-2024"]
[Site "Chess.com"]
[Date "2024.04.16"]
[Round "5"]
[White "maximnovik"]
[Black "GoltsevDmitry2000"]
[Result "0-1"]
[WhiteElo "2570"]
[BlackElo "2788"]
[TimeControl "180+1"]
[EndTime "14:54:54 PDT"]
[Termination "GoltsevDmitry2000 won by resignation"]

1. e4 e6 2. d4 d5 3. e5 c5 4. c3 Nc6 5. Nf3 Nge7 6. Na3 cxd4 7. cxd4 Nf5 8. Nc2 h5 9. Bd3 Be7 10. O-O g5 11. Be3 g4 12. Nfe1 Qb6 13. Bxf5 exf5 14.
Nd3 Be6 15. Qd2 Rg8 16. b4 Rc8 17. a4 a5 18. b5 Nb8 19. Rac1 Nd7 20. Na1 Rc4 21.
Rxc4 dxc4 22. d5 Qc7 23. dxe6 cxd3 24. exd7+ Qxd7 25. Rd1 Bb4 26. Qxd3 Qxd3 27. Rxd3 Ke7 28. Nb3 Rc8 29. g3 Rc2 30. Bg5+ Kf8 31. Rd8+ Kg7 32.
Nd4 Ra2 33. Bf6+ Kg6 34. Rg8+ Kh7 35. Rg7+ Kh8 36. Rxf7+ Kg8 37. Rg7+ Kf8 38. Ne6+ Ke8 39. Nc7+ Kf8 40. e6 Re2 41. e7+ Bxe7 42. Bxe7+ Kxg7 43. Bc5 h4 44. gxh4 f4 45. Kg2 Rc2 46. Bb6 Rc4 47.
Ne8+ Kg6 48. Nd6 Rxa4 49. Nxb7 Rb4 50. Nd6 a4 51. Bc5 Rb3 52. b6 a3 53. b7 a2 54.
Bd4 Kh5 55. h3 gxh3+ 56. Kh2 Kxh4 57. Be5 Kg4 58. Kh1 Rb1+ 59. Kh2 Kf3 60. Bd4 Ke2 61. Kxh3 Kd3 62. Be5 f3 63. Kg3 Ke2 64. Bd4 Rb4 65.
Be5 Rb3 66. Bd4 Rb1 67. Kf4 Rb4 68. Ke5 Rxd4 69. b8=Q a1=Q 70. Qb5+ Rd3+ 71. Ke6 Qa2+ 72. Kd7 Qd5 73. Qb2+ Rd2 74. Qf6 Qxd6+ 75. Qxd6 Rxd6+ 76. Kxd6 Kxf2 77. Ke5 Ke2 78. Kf4 f2 79. Ke4 f1=Q 80. Kd4 Qf3 81. Ke5 Qg4 82. Kd5 Kd3 0-1

[Event "Late-Titled-Tuesday-Blitz-April-16-2024"]
[Site "Chess.com"]
[Date "2024.04.16"]
[Round "5"]
[White "Firouzja2003"]
[Black "Guriempire"]
[Result "1/2-1/2"]
[WhiteElo "3030"]
[BlackElo "2816"]
[TimeControl "180+1"]
[EndTime "14:54:58 PDT"]
[Termination "Game drawn by stalemate"]

1. e4 e5 2. Nf3 Nc6 3. Bb5 a6 4. Ba4 Nf6 5. O-O b5 6. Bb3 Bc5 7. c3 d6 8. d3 O-O 9. a4 Rb8 10. axb5 axb5 11. Re1 h6 12. h3 Bb6 13. Na3 Ne7 14.
d4 b4 15. Nc4 bxc3 16. bxc3 exd4 17. cxd4 d5 18. Nxb6 Rxb6 19. e5 Ne4 20. Ba3 Be6 21.
Bc2 Qd7 22. Bxe4 dxe4 23. Rxe4 Rd8 24. Bc5 Rb3 25. Re3 Rb7 26. Rea3 Nf5 27. Ra8 Bd5 28. Rxd8+ Qxd8 29. Qd3 g6 30. Nd2 Ng7 31. Ne4 Ne6 32.
Nf6+ Kg7 33. Qd2 h5 34. Rc1 Rb3 35. f3 Qa8 36. Qc2 Nf4 37. Nxd5 Qxd5 38. Rf1 Re3 39. Qd2 Qb3 40. d5 Ne2+ 41. Kh2 Rxe5 42. Re1 Qxd5 43. Bb4 Qxd2 44. Bxd2 Re6 45. Rd1 c6 46. Re1 Nd4 47. Rc1 Nf5 48. Rc4 h4 49. Bc3+ Kh7 50.
Bd2 f6 51. Kg1 g5 52. Kf1 Kg6 53. Kf2 Ng3 54. Be3 f5 55. f4 Ne4+ 56. Kf3 gxf4 57. Bxf4 c5 58. Ra4 Rb6 59. Ra8 Rb3+ 60. Be3 Rc3 61. Rg8+ Kf6 62. Kf4 Ke6 63. Re8+ Kf7 64. Re5 Kg6 65. Re6+ Nf6 66. Rc6 Kf7 67. Kxf5 Rxe3 68.
Rxf6+ Kg7 69. Rc6 Rg3 70. Rc7+ Kh6 71. Rc6+ Kh7 72. Rxc5 Rxg2 73. Rc4 Kh6 74. Rxh4+ Kg7 75. Rg4+ Rxg4 76. hxg4 Kf7 77. g5 Kg7 78. g6 Kg8 79. Kg5 Kg7 80. Kh5 Kg8 81. Kh6 Kh8 82. Kg5 Kg7 83.
Kh5 Kg8 84. Kh6 Kh8 85. g7+ Kg8 86. Kg6 1/2-1/2

[Event "Late-Titled-Tuesday-Blitz-April-16-2024"]
[Site "Chess.com"]
[Date "2024.04.16"]
[Round "5"]
[White "DeArron_Fox"]
[Black "Abund"]
[Result "1-0"]
[WhiteElo "2582"]
[BlackElo "2787"]
[TimeControl "180+1"]
[EndTime "14:55:18 PDT"]
[Termination "DeArron_Fox won by checkmate"]

1. d4 d5 2. c4 e6 3. Nc3 Nf6 4. cxd5 exd5 5. Bg5 c6 6. e3 h6 7. Bh4 Be7 8. Bd3 O-O 9. Nge2 Ne8 10. Bxe7 Qxe7 11. O-O Nd6 12. Ng3 Nd7 13. Qd2 Nf6 14. f3 Be6 15. Qf2 b6 16. e4 dxe4 17. fxe4 Ng4 18. Qf4 Rad8 19. h3 Nb7 20. d5 Nf6 21.
Nf5 Qc5+ 22. Kh1 cxd5 23. Nxh6+ gxh6 24. Qxf6 Qe3 25. Rf3 Qg5 26. Qd4 Nc5 27. e5 Nxd3 28. Qxd3 Kh8 29. Re1 Rg8 30. Rf2 Rg6 31. Qf3 Qh4 32.
Ne2 d4 33. Nf4 Rg3 34. Qe4 Qg5 35. Nxe6 fxe6 36. Qf4 Qxf4 37. Rxf4 d3 38. Rd1 d2 39. Rf2 Rgd3 40. Kg1 Kg7 41. Kf1 R3d5 42. Re2 Rf8+ 43. Rf2 Rfd8 44. Re2 R8d7 45. Rf2 b5 46. Re2 b4 47.
Rf2 a5 48. Re2 Kg6 49. Rf2 Kg5 50. g3 h5 51. Kg2 Rd3 52. Re2 R7d5 53. Rf2 R5d4 54.
h4+ Kg6 55. Rf6+ Kg7 56. Rxe6 Re3 57. Rf6 Re1 58. Rf1 Rxf1 59. Kxf1 Kg6 60. Ke2 Kf5 61. Rxd2 Re4+ 62. Kf3 Rxe5 63. Rd6 Rc5 64. Rh6 Rc2 65. Rxh5+ Kg6 66. Rxa5 Rxb2 67. Kg4 Rb1 68. Ra6+ Kg7 69. h5 Ra1 70. Rb6 Rxa2 71. Rxb4 Ra5 72. Kh4 Ra1 73. g4 Ra5 74. Rb7+ Kg8 75. g5 Ra4+ 76. Kg3 Ra3+ 77.
Kf4 Ra4+ 78. Kf5 Ra5+ 79. Kf6 Ra6+ 80. Ke7 Ra5 81. g6 Rxh5 82. Kf6 Rb5 83. Rxb5 Kf8 84.
Rb8# 1-0

[Event "Late-Titled-Tuesday-Blitz-April-16-2024"]
[Site "Chess.com"]
[Date "2024.04.16"]
[Round "5"]
[White "Msb2"]
[Black "AlexeiShirov"]
[Result "1/2-1/2"]
[WhiteElo "3016"]
[BlackElo "2820"]
[TimeControl "180+1"]
[EndTime "14:55:40 PDT"]
[Termination "Game drawn by stalemate"]

1. d4 d5 2. c4 c6 3. Nf3 Nf6 4.
Nc3 e6 5. Qc2 Nbd7 6. cxd5 exd5 7.
Bg5 h6 8. Bh4 Be7 9. e3 O-O 10.
Bd3 Re8 11. O-O Ne4 12. Bxe4 Bxh4 13. Bh7+ Kh8 14. Bd3 Bf6 15. h3 Nb6 16. Rfe1 Be6 17. Rad1 Qd7 18. Ne5 Bxe5 19. dxe5 Rad8 20. f4 f6 21. f5 Bg8 22. e6 Qc7 23. Ne2 c5 24. Nf4 Bh7 25. Be2 Qe5 26. Bh5 Bxf5 27. Qxc5 Rc8 28.
Qd4 Re7 29. Bf7 g5 30. Qxe5 fxe5 31. Nxd5 Nxd5 32. Rxd5 Bxe6 33. Rxe5 Rxf7 34. Rxe6 Rc2 35. Rf1 Rxf1+ 36. Kxf1 Rxb2 37. Rxh6+ Kg7 38. Rd6 Rxa2 39. Rd7+ Kf6 40. Rxb7 a5 41. Rb5 a4 42. Ra5 a3 43.
Kg1 Ra1+ 44. Kh2 a2 45. Kg3 Re1 46. Ra6+ Kf5 47. Ra5+ Kf6 48. Rxa2 Rxe3+ 49. Kg4 Re4+ 50. Kf3 Rb4 51. Ra3 Kf5 52. Kg3 Kg6 53. Re3 Ra4 54.
Rd3 Rb4 55. Kf3 Ra4 56. Re3 Rb4 57. Re4 Rb2 58. Rc4 Kf5 59. Rc5+ Kf6 60. g3 Rb4 61. Ra5 Kg6 62. Re5 Kf6 63. Re4 Rb6 64. Kg4 Kg6 65.
Rd4 Ra6 66. Rb4 Rc6 67. Ra4 Rb6 68.
Re4 Ra6 69. Kf3 Ra3+ 70. Re3 Ra4 71. Rb3 g4+ 72. hxg4 Rc4 73. Rb6+ Kg5 74. Rb5+ Kg6 75. g5 Ra4 76. Kg2 Rc4 77. Kh3 Ra4 78. Rc5 Rb4 79.
Ra5 Rc4 80. Rd5 Rb4 81. Re5 Rc4 82. Re8 Kxg5 83. Rg8+ Kh5 84. Rh8+ Kg5 85. Rg8+ Kh5 86. Rb8 Kg5 87. Rb5+ Kg6 88. Re5 Rb4 89. Kg2 Rb3 90.
Kh3 Rb4 91. Re3 Ra4 92. Rf3 Rb4 93. g4 Ra4 94. Kh4 Ra5 95. Rb3 Kg7 96. Rb7+ Kg6 97. Rb6+ Kg7 98. Rc6 Kh7 99. Rf6 Kg7 100. Rd6 Kh7 101. Rd7+ Kg6 102. Rc7 Kh6 103. Rb7 Kg6 104. Rb4 Kh6 105. Rf4 Kg6 106. Rd4 Kh6 107. Rd6+ Kg7 108. g5 Ra1 109. Rd7+ Kg6 110. Rd6+ Kg7 111. Rd4 Rh1+ 112. Kg4 Rg1+ 113. Kf5 Rf1+ 114. Rf4 Rxf4+ 115. Kxf4 Kg6 116. Kg4 Kg7 117. Kf5 Kf7 118. g6+ Kg7 119. Kg5 Kg8 120. Kh5 Kg7 121. Kg5 Kg8 122. Kf6 Kf8 123. g7+ Kg8 124. Kg6 1/2-1/2

[Event "Late-Titled-Tuesday-Blitz-April-16-2024"]
[Site "Chess.com"]
[Date "2024.04.16"]
[Round "5"]
[White "Charodej1"]
[Black "VinzentSpitzl"]
[Result "1/2-1/2"]
[WhiteElo "2314"]
[BlackElo "2472"]
[TimeControl "180+1"]
[EndTime "14:55:49 PDT"]
[Termination "Game drawn - insufficient material"]

1. d4 Nf6 2. Nf3 d5 3. g3 e6 4.
Bg2 Be7 5. O-O O-O 6. c4 dxc4 7. Qa4 a6 8. Qxc4 b5 9. Qc2 Bb7 10. Rd1 Be4 11. Qd2 b4 12. b3 Nbd7 13. Bb2 c5 14. dxc5 Nxc5 15. Qe1 Qb6 16. Nbd2 Bd5 17. Bd4 Qb7 18.
Rac1 Rac8 19. Nc4 Rfd8 20. Nh4 h6 21. Bxd5 Nxd5 22. Nf3 Ne4 23. Rc2 Nec3 24. Rdc1 Qb5 25. e4 Nf6 26. Bxc3 bxc3 27. Qxc3 Nxe4 28. Qe3 Qf5 29. Re1 Nc5 30. Rd2 Rxd2 31. Nfxd2 Nd3 32.
Rf1 Bc5 33. Qe2 Rd8 34. Kg2 e5 35. Ne4 Ba7 36. Qf3 Qxf3+ 37. Kxf3 Nb4 38. Ned6 Nxa2 39.
Ra1 Nb4 40. Ra4 Bc5 41. Nb7 Rd3+ 42. Ke2 Rxb3 43. Nxc5 Rb1 44. Nxe5 Nd5 45. Rxa6 Rb2+ 46. Kf3 f6 47. Ned3 Rc2 48. Rd6 Nc3 49. Kg2 Nd1 50.
h4 Ne3+ 51. Kf3 Nf5 52. Rd8+ Kh7 53. h5 Rc3 54. Ke4 Ne7 55. Rd7 Nc6 56. Rd6 Na5 57. g4 Rc4+ 58. Rd4 Rc2 59. Ke3 Nc4+ 60. Ke4 Nd2+ 61.
Kf4 Nf1 62. Ne4 Nh2 63. Ng3 Ra2 64. Re4 Ra7 65. Re1 Ra4+ 66. Ke3 Nxg4+ 67. Kd2 Rd4 68. Re4 Rxe4 69. Nxe4 f5 70. Ng3 Nf6 71. Nxf5 Nxh5 72. Ke2 Nf6 73. f4 Nh5 74. Kf3 Nxf4 75. Nxf4 g5 76.
Nd3 Kg6 77. Ne3 h5 78. Ne5+ Kf6 79. Nc6 g4+ 80. Kf4 Ke6 81. Nd4+ Kd6 82. Ndf5+ Ke6 83. Ng3 Kf6 84. Nxh5+ Ke6 85. Ng3 Kf6 86. Nef5 Ke6 87. Ke4 Kf6 88. Kf4 Ke6 89. Nh5 Kd5 90. Nfg3 Kd4 91. Nf6 Kc5 92. Ke4 Kd6 93. Nfh5 Ke6 94. Nf4+ Kd6 95. Nf5+ Kc5 96. Ng3 Kc4 97. Ke3 Kc5 98.
Kd3 Kd6 99. Kd4 Ke7 100. Ke5 Kd7 101. Nd5 Kc6 102. Ne4 g3 103. Ne3 g2 104. Nxg2 1/2-1/2

[Event "Late-Titled-Tuesday-Blitz-April-16-2024"]
[Site "Chess.com"]
[Date "2024.04.16"]
[Round "6"]
[White "LuckIsMySkill"]
[Black "giomar27"]
[Result "1-0"]
[WhiteElo "2677"]
[BlackElo "2491"]
[TimeControl "180+1"]
[EndTime "14:57:37 PDT"]
[Termination "LuckIsMySkill won by checkmate"]

1. Nf3 b6 2. a4 a6 3. d4 Bb7 4.
Nc3 g6 5. Bf4 Bg7 6. e3 d6 7.
Bc4 Nd7 8. h4 h6 9. h5 g5 10.
Bxg5 hxg5 11. Bxf7+ Kxf7 12. Nxg5+ Kf6 13. Qg4 Nh6 14. Qe6+ Kxg5 15. f4# 1-0

[Event "Late-Titled-Tuesday-Blitz-April-16-2024"]
[Site "Chess.com"]
[Date "2024.04.16"]
[Round "6"]
[White "Karacsonyi_Gellert"]
[Black "Mikhal867"]
[Result "0-1"]
[WhiteElo "2720"]
[BlackElo "2561"]
[TimeControl "180+1"]
[EndTime "14:59:03 PDT"]
[Termination "Mikhal867 won by resignation"]

1. e4 g6 2. h4 d5 3. e5 h5 4. d4 Nh6 5. Nf3 Bg4 6. Be2 Bxf3 7. Bxf3 e6 8. Bg5 Be7 9. Bxe7 Qxe7 10. c3 c5 11. Nd2 Nc6 12. Nb3 cxd4 13. cxd4 Nf5 14. g3 Qb4+ 15. Qd2 Nfxd4 16. Qxb4 Nxf3+ 17. Ke2 Nxb4 18. Kxf3 Nd3 19. Rhd1 Nxe5+ 20. Kf4 Nc4 21.
Rac1 b6 22. Rc2 O-O 23. Nd4 e5+ 0-1

[Event "Late-Titled-Tuesday-Blitz-April-16-2024"]
[Site "Chess.com"]
[Date "2024.04.16"]
[Round "6"]
[White "ReadySkate"]
[Black "Nemsko"]
[Result "1-0"]
[WhiteElo "2620"]
[BlackElo "2432"]
[TimeControl "180+1"]
[EndTime "14:59:08 PDT"]
[Termination "ReadySkate won by resignation"]

1. d4 Nf6 2. c4 e6 3. Nc3 Bb4 4. f3 d5 5. a3 Bxc3+ 6. bxc3 O-O 7. cxd5 exd5 8. e3 b6 9. Bd3 c5 10. Ne2 Ba6 11. O-O Re8 12. Ng3 Bxd3 13. Qxd3 Nc6 14.
Ra2 Na5 15. Re2 Qd7 16. e4 dxe4 17. fxe4 cxd4 18. Rxf6 gxf6 19. Nh5 Qd6 20. Bf4 Qf8 21. Nxf6+ Kh8 22. Nxe8 Rxe8 23. cxd4 b5 24. Be5+ f6 25. Rf2 1-0

[Event "Late-Titled-Tuesday-Blitz-April-16-2024"]
[Site "Chess.com"]
[Date "2024.04.16"]
[Round "6"]
[White "gmcorrales"]
[Black "BabageldiAnnaberdiyev"]
[Result "1-0"]
[WhiteElo "2932"]
[BlackElo "2601"]
[TimeControl "180+1"]
[EndTime "14:59:09 PDT"]
[Termination "gmcorrales won by resignation"]

1. e4 e6 2. d4 d5 3. e5 c5 4.
c3 Nc6 5. Nf3 Qb6 6. a3 Nh6 7.
b4 cxd4 8. cxd4 Nf5 9. Bb2 Bd7 10.
h4 h5 11. g3 Na5 12. Nbd2 Rc8 13. Rc1 Nc4 14. Nxc4 dxc4 15. Bxc4 Bc6 16. d5 exd5 17. Bxd5 Rd8 18. Bxc6+ bxc6 19. Qc2 Rc8 20. Qxf5 1-0

[Event "Late-Titled-Tuesday-Blitz-April-16-2024"]
[Site "Chess.com"]
[Date "2024.04.16"]
[Round "6"]
[White "N_Mullodzhanov"]
[Black "bipe137"]
[Result "1-0"]
[WhiteElo "2549"]
[BlackElo "2699"]
[TimeControl "180+1"]
[EndTime "14:59:25 PDT"]
[Termination "N_Mullodzhanov won by resignation"]

1. e4 c5 2. c3 Nf6 3. e5 Nd5 4.
Nf3 e6 5. d4 cxd4 6. cxd4 d6 7.
Bc4 Nb6 8. Bb3 dxe5 9. Nxe5 Nc6 10. Nxc6 bxc6 11. O-O Bd6 12. Nc3 O-O 13. Bc2 Ba6 14. Re1 Qh4 15. g3 Qh3 16. Ne4 Bb4 17. Ng5 Qh6 18.
Nxh7 Qh3 19. Ng5 Qh6 20. Nxe6 Qh3 21. Ng5 Qd7 22. Qh5 1-0

[Event "Late-Titled-Tuesday-Blitz-April-16-2024"]
[Site "Chess.com"]
[Date "2024.04.16"]
[Round "6"]
[White "Misterfox120"]
[Black "Navyblue1"]
[Result "1-0"]
[WhiteElo "2391"]
[BlackElo "2245"]
[TimeControl "180+1"]
[EndTime "14:59:40 PDT"]
[Termination "Misterfox120 won by resignation"]

1. d4 Nf6 2. Nc3 d5 3. Bf4 c6 4. e3 b5 5. Nf3 Bg4 6. Be2 Nbd7 7. O-O e6 8. Ne5 Bxe2 9. Qxe2 Rc8 10. e4 dxe4 11.
Nxe4 Nxe4 12. Qxe4 Nf6 13. Qd3 Be7 14. a4 a6 15.
axb5 axb5 16. Ra6 Qd5 17. b3 b4 18. Qc4 O-O 19. Rxc6 Rxc6 20. Nxc6 Bd6 21. Qxd5 1-0

[Event "Late-Titled-Tuesday-Blitz-April-16-2024"]
[Site "Chess.com"]
[Date "2024.04.16"]
[Round "6"]
[White "Szachulec75"]
[Black "BenchGM"]
[Result "0-1"]
[WhiteElo "2101"]
[BlackElo "2311"]
[TimeControl "180+1"]
[EndTime "14:59:48 PDT"]
[Termination "BenchGM won by resignation"]

1. Nf3 Nf6 2. g3 d5 3. Bg2 e6 4. d3 Nc6 5. O-O Bc5 6. c3 a5 7.
a4 O-O 8. Nbd2 e5 9. Qc2 h6 10. e4 d4 11. Nc4 Re8 12. h3 b6 13. Nfd2 Be6 14. Kh1 Qd7 15. Kh2 Rad8 16. f4 dxc3 17.
bxc3 exf4 18. gxf4 Qxd3 19. Qxd3 Rxd3 20. Nb2 Rxc3 21. e5 Bd5 22. Ne4 0-1

[Event "Late-Titled-Tuesday-Blitz-April-16-2024"]
[Site "Chess.com"]
[Date "2024.04.16"]
[Round "6"]
[White "Bala-Afiada"]
[Black "Konavets"]
[Result "0-1"]
[WhiteElo "2024"]
[BlackElo "3064"]
[TimeControl "180+1"]
[EndTime "14:59:53 PDT"]
[Termination "Konavets won by resignation"]

1. d4 Nf6 2. c4 e5 3. dxe5 Ng4 4. Nf3 Bc5 5. e3 Nc6 6. Nc3 O-O 7. a3 a5 8. b3 Ngxe5 9. Be2 Re8 10. Nxe5 Nxe5 11.
Bb2 Ra6 12. Ne4 Ba7 13. Qd5 Rh6 14. Bxe5 c6 15. Qd2 Rxe5 16. Bf3 d5 17. cxd5 Rxd5 18.
Qc2 Bf5 19. Qc3 Bb8 20. Rd1 Rxd1+ 21. Bxd1 Bxe4 0-1

[Event "Late-Titled-Tuesday-Blitz-April-16-2024"]
[Site "Chess.com"]
[Date "2024.04.16"]
[Round "6"]
[White "IndianSchoolOfSuffering"]
[Black "Stanbad1"]
[Result "0-1"]
[WhiteElo "2436"]
[BlackElo "2630"]
[TimeControl "180+1"]
[EndTime "15:00:00 PDT"]
[Termination "Stanbad1 won by resignation"]

1. e4 e6 2. d4 d5 3. e5 c5 4. c3 Nc6 5. Nf3 Bd7 6. Be2 Nge7 7. Na3 cxd4 8. cxd4 Nf5 9. Nc2 Be7 10. O-O O-O 11.
a3 Rc8 12. b4 a6 13. Bb2 f6 14. exf6 Bxf6 15. Bd3 Be8 16. Ne5 Bxe5 17. dxe5 Bg6 18. Rc1 Qg5 19. f4 Qh4 20. Bxf5 Bxf5 21. Nd4 Nxd4 22.
Bxd4 Be4 23. g3 Qh3 24. Qe2 Qf5 25. Qd2 h5 26. Rxc8 Rxc8 27. Rc1 Rc4 28. Rxc4 dxc4 29.
Bf2 Bd5 30. Qe1 Qd3 31. Be3 Qe4 0-1

[Event "Late-Titled-Tuesday-Blitz-April-16-2024"]
[Site "Chess.com"]
[Date "2024.04.16"]
[Round "6"]
[White "Caracal3000"]
[Black "cristiano78"]
[Result "1-0"]
[WhiteElo "2487"]
[BlackElo "2279"]
[TimeControl "180+1"]
[EndTime "15:00:08 PDT"]
[Termination "Caracal3000 won by checkmate"]

1. e4 c5 2. Nf3 d6 3. d4 cxd4 4. Nxd4 Nf6 5. Nc3 a6 6. f4 e6 7.
Qf3 Be7 8. Be3 O-O 9. O-O-O Qc7 10. g4 Nc6 11. g5 Nd7 12. h4 Nxd4 13. Bxd4 b5 14.
Bd3 Bb7 15. h5 Nc5 16. Kb1 b4 17. Ne2 a5 18. Ng3 Rfd8 19. g6 fxg6 20. hxg6 h6 21. Nh5 e5 22. fxe5 Rf8 23. Bc4+ Kh8 24. exd6 Bxd6 25.
Nxg7 Rxf3 26. Rxh6# 1-0

[Event "Late-Titled-Tuesday-Blitz-April-16-2024"]
[Site "Chess.com"]
[Date "2024.04.16"]
[Round "6"]
[White "rynos0411"]
[Black "FairChess_on_YouTube"]
[Result "0-1"]
[WhiteElo "2610"]
[BlackElo "3076"]
[TimeControl "180+1"]
[EndTime "15:00:16 PDT"]
[Termination "FairChess_on_YouTube won by resignation"]

1. d4 Nf6 2. c4 g6 3. Nc3 Bg7 4. e4 d6 5. h3 O-O 6. Be3 Nc6 7. Nge2 Re8 8. d5 Ne5 9. Ng3 e6 10. Qd2 exd5 11. cxd5 c6 12. f4 Ned7 13. dxc6 bxc6 14. Qxd6 Qa5 15. e5 Nd5 16. Bd2 Nxe5 17. fxe5 Bxe5 18. Qxc6 Bb7 19. Qb5 Bxc3+ 20. Kd1 Bxd2 0-1

[Event "Late-Titled-Tuesday-Blitz-April-16-2024"]
[Site "Chess.com"]
[Date "2024.04.16"]
[Round "6"]
[White "carlsenCamacho"]
[Black "Savagelittlemole"]
[Result "0-1"]
[WhiteElo "2288"]
[BlackElo "2491"]
[TimeControl "180+1"]
[EndTime "15:00:24 PDT"]
[Termination "Savagelittlemole won by resignation"]

1. e4 c5 2. f4 g6 3. Nf3 Bg7 4. Nc3 Nc6 5. Bb5 d6 6. Bxc6+ bxc6 7. O-O Bg4 8. d3 Nf6 9. Qe1 O-O 10. Qh4 Bxf3 11. Rxf3 c4 12. f5 cxd3 13. cxd3 Qb6+ 14. Kh1 e6 15. Ne2 exf5 16. exf5 Nd5 17. Bh6 Qxb2 18.
Raf1 Qxe2 19. Bxg7 Kxg7 20. f6+ Kh8 21. Re1 Qd2 22. Rh3 h5 23. Rf3 Rae8 24. Ref1 Ne3 25.
Qg5 Nxf1 0-1

[Event "Late-Titled-Tuesday-Blitz-April-16-2024"]
[Site "Chess.com"]
[Date "2024.04.16"]
[Round "6"]
[White "Chess_Star1234"]
[Black "ploxoi"]
[Result "1-0"]
[WhiteElo "2526"]
[BlackElo "2401"]
[TimeControl "180+1"]
[EndTime "15:00:28 PDT"]
[Termination "Chess_Star1234 won by resignation"]

1. d4 d5 2. c4 e6 3. Nc3 c6 4. Nf3 dxc4 5. a4 Bb4 6. e3 b5 7. Bd2 a5 8. axb5 Bxc3 9. Bxc3 cxb5 10. b3 Bb7 11. bxc4 b4 12. Bb2 Nf6 13. Bd3 O-O 14.
O-O Nbd7 15. c5 Qc7 16. Nd2 Nd5 17. Nc4 N7f6 18. Qc2 h6 19. h3 Bc6 20. Rfb1 Rfb8 21. Bc1 Nc3 22. Rb2 a4 23. Nb6 Ra6 24. Rxb4 Ncd5 25. Nxd5 Nxd5 26. Rxb8+ Qxb8 27. Bxa6 1-0

[Event "Late-Titled-Tuesday-Blitz-April-16-2024"]
[Site "Chess.com"]
[Date "2024.04.16"]
[Round "6"]
[White "artin10862"]
[Black "AlexeiShirov"]
[Result "0-1"]
[WhiteElo "2933"]
[BlackElo "2831"]
[TimeControl "180+1"]
[EndTime "15:00:31 PDT"]
[Termination "AlexeiShirov won by resignation"]

1. c4 c6 2. d4 d5 3. Nf3 Nf6 4. Nc3 e6 5. g3 dxc4 6. Bg2 b5 7. O-O Bb7 8. e4 b4 9. e5 bxc3 10. exf6 Qxf6 11. bxc3 Nd7 12. Rb1 Nb6 13. a4 Ba6 14. Ne5 Nd5 15. Qc2 Bd6 16. Nxc6 O-O 17. h4 h6 18. Re1 Rfc8 19. Ne5 Qd8 20. Be4 Rab8 21. Rb3 cxb3 0-1